 Dungeon Crawl Stone Soup version 0.31-a0-986-g5e6e4ef867 (webtiles) character file.

Game seed: 2178595662333213123

41 Sabo the Chopper (level 3, 0/27 HPs)
             Began as a Demonspawn Gladiator on Nov 11, 2023.
             Slain by Natasha (5 damage)
             ... on level 2 of the Dungeon.
             The game lasted 00:08:25 (1142 turns).

Sabo the Chopper (Demonspawn Gladiator)             Turns: 1142, Time: 00:08:25

Health: 0/27       AC:  5    Str: 16    XL:     3   Next: 32%
Magic:  3/3        EV: 12    Int:  9    God:
Gold:   45         SH:  4    Dex: 14    Spells: 2/2 levels left

rFire   . . .        a - +0 war axe
rCold   . . .        f - +0 buckler
rNeg    . . .        b - +0 leather armour
rPois   .            c - +0 helmet
rElec   .            k - +0 cloak
rCorr   .            (no gloves)
SInv    .            (no boots)
Will    .....        (no amulet)
Stlth   +            l - ring of flight
HPRegen 0.24/turn    (no ring)
MPRegen 0.08/turn

%: no passive effects
@: lethally poisoned (0 -> -1), flying, hasted and slowed
A: foul stench 1
a: no special abilities


You were on level 2 of the Dungeon.
You visited 1 branch of the dungeon, and saw 2 of its levels.

You collected 45 gold pieces.

Inventory:

Hand Weapons
 a - a +0 war axe (weapon)
Missiles
 d - 3 throwing nets (quivered)
 e - a javelin
Armour
 b - a +0 leather armour (worn)
 c - a +0 helmet (worn)
 f - a +0 buckler (worn)
 k - a +0 cloak (worn)
Jewellery
 l - a ring of flight (left hand)
Scrolls
 g - a scroll of silence
 i - 2 scrolls of teleportation
Potions
 h - a potion of enlightenment
 j - a potion of lignification
 n - a potion of ambrosia {unknown}


   Skills:
 + Level 2.3 Fighting
 + Level 3.2 Axes
 + Level 1.8 Throwing
 + Level 0.2 Armour
 + Level 3.2 Dodging
 + Level 0.2 Shields


You had 2 spell levels left.
You didn't know any spells.
Your spell library was empty.

Dungeon Overview and Level Annotations

Branches:
Dungeon (2/15)

Altars:

Annotations:
D:2 Natasha


Innate Abilities, Weirdness & Mutations

You may rarely emit foul miasma when damaged in melee.


Message History

Found a scroll labelled AFASESAQOPP.
The hobgoblin hits you but does no damage.
You barely miss the hobgoblin. The hobgoblin closely misses you.
You slash the hobgoblin!
You kill the hobgoblin!
An adder comes into view.
The adder hisses angrily.
An adder comes into view.
Natasha, Servant of Life and Death comes into view.
Found a sapphire ring.
The adder bites you.
You are poisoned.
The adder poisons you!
You closely miss the adder.
You feel sick. The adder misses you. The adder bites you but does no damage.
You barely miss the adder.
You feel sick. The adder bites you but does no damage.
Natasha stares at you and mumbles some strange words.
The magic dart hits you. The adder bites you but does no damage.
Natasha stares at you and mumbles some strange words.
You feel yourself slow down.
You completely miss the adder. You miss the adder.
You feel sick.
You are no longer poisoned.
The adder misses you. The adder bites you.
You are poisoned.
The adder poisons you! The adder bites you but does no damage.
The adder closely misses you. The adder barely misses you.
You miss the adder. You closely miss the adder.
You feel very sick. You block the adder's attack. x2
Natasha wildly gestures.
Natasha glows brightly for a moment.
The adder barely misses you. The adder misses you. Natasha claws you.
* * * LOW HITPOINT WARNING * * *
The adder barely misses you. Natasha barely misses you.
The adder closely misses you.
It was a potion of haste.
You feel yourself speed up.
You feel sick. The adder bites you but does no damage.
The adder barely misses you. Natasha claws you.
You die...
Natasha begins licking her fur clean.

...#
##############.####
####
#.......)..........
#.############.####
#.# #.# #.########
#.# #......... #..
#......... ##.
#......... ..
#.@S...... #.
#.Sh......
#........=
##........
#........ #........
#........ #........


You could see Natasha and 2 adders.

Vanquished Creatures
  An adder (D:2)
  A worm (D:2)
  6 ball pythons
  2 giant cockroaches
  4 goblins (D:1)
  2 hobgoblins
  3 quokkas (D:1)
  3 bats (D:1)
  2 frilled lizards
  2 kobolds (D:1)
  4 rats (D:1)
30 creatures vanquished.

Notes
Turn   | Place    | Note
-------+----------+-------------------------------------------
     0 | D:1      | Sabo the Demonspawn Gladiator began the quest for the Orb.
     0 | D:1      | Reached XP level 1. HP: 16/16 MP: 1/1
   152 | D:1      | Gained mutation: You may rarely emit foul miasma when
                  | damaged in melee. [demonic ancestry]
   152 | D:1      | Reached XP level 2. HP: 22/22 MP: 2/2
   971 | D:2      | Reached XP level 3. HP: 8/27 MP: 3/3
  1137 | D:2      | Noticed Natasha
  1142 | D:2      | Slain by Natasha

Illustrated notes

Levels and vault maps discovered:
D:1:      erik_arrival_blinker_ship, layout_loops_ring, minmay_crystal_water
D:2:      layout_basic, uniq_sigmund, uniq_natasha

Skill      XL: |  1  2 |
---------------+-------+-----
Axes           | 3 |  3.2
Dodging        | 3 |  3.2
Fighting       | |  2.3
Throwing       | |  1.8
Armour         | |  0.2
Shields        | |  0.2

Action                     || total
---------------------------++-------
  Melee: War axe           ||    79
    Use: Scroll            ||     4
         Potion            ||     1
 Armour: Leather armour    ||    54
  Dodge: Dodged            ||    61
  Block: Buckler           ||    21

Table legend: (Time is in decaauts)
 A = Elapsed time spent in this place.
 B = Non-inter-level travel time spent in this place.
 C = Inter-level travel time spent in this place.
 D = Time resting spent in this place.
 E = Time spent auto-exploring this place.
 F = Levels seen in this place.
 G = Mean time per level.
                   A        B        C        D        E       F      G
               +--------+--------+--------+--------+--------+-----+--------+
         Total |   1181 |   1181 |      0 |     81 |      0 |   2 |  590.5 |
       Dungeon |   1181 |   1181 |      0 |     81 |      0 |   2 |  590.5 |
               +--------+--------+--------+--------+--------+-----+--------+

Top non-repeatable levels by time:
     D:1: 821 daAuts
     D:2: 360 daAuts
